 Dungeon Crawl Stone Soup version 0.22-a0-897-g1b7a381375 (webtiles) character file.

378 Mirvelgyr the Chopper (level 6, -3/55 HPs)
             Began as a Deep Dwarf Fighter on July 31, 2018.
             Slain by a troll (12 damage)
             ... on level 5 of the Dungeon.
             The game lasted 00:04:26 (3161 turns).

Mirvelgyr the Chopper (Deep Dwarf Fighter)          Turns: 3161, Time: 00:04:27

Health: -3/55      AC: 14    Str: 26    XL:     6   Next: 45%
Magic:  3/3        EV:  4    Int:  9    God:
Gold:   253        SH: 10    Dex: 12    Spells: 5/5 levels left

rFire    . . .     SeeInvis .   a - +0 war axe
rCold    . . .     Gourm    .   c - +0 shield
rNeg     . . .     Faith    .   e - +0 plate armour
rPois    .         Spirit   .   (no helmet)
rElec    .         Reflect  .   t - +0 cloak
rCorr    .         Harm     .   o - +0 pair of gloves
MR       .....                  x - +0 pair of boots (curse)
Stlth    ..........             (no amulet)
HPRegen  0.00/turn              (no ring)
MPRegen  0.08/turn              (no ring)

@: mighty, non-regenerating
A: damage resistance, heal wounds, sense surroundings 1, no regeneration
a: Heal Wounds


You were on level 5 of the Dungeon.
You were not hungry.

You visited 1 branch of the dungeon, and saw 5 of its levels.
You also visited: Sewer.

You collected 253 gold pieces.

Inventory:

Hand Weapons
 a - a +0 war axe (weapon)
Armour
 c - a +0 shield (worn)
 e - a +0 plate armour (worn)
 i - a +0 pair of boots
 j - a +0 large shield
 o - a +0 pair of gloves (worn)
 t - a +0 cloak (worn)
 x - a cursed +0 pair of boots (worn)
Jewellery
 q - an uncursed ring of protection from magic {unknown}
Wands
 k - a wand of scattershot (6)
 y - a wand of paralysis (18)
Scrolls
 l - a scroll of enchant weapon
 m - a scroll of remove curse {unknown}
 u - a scroll of teleportation {unknown}
 w - 2 scrolls of amnesia
Potions
 b - a potion of heal wounds {unknown}
 d - a potion of might
 g - a potion of agility {unknown}
 h - 3 potions of curing {unknown}
 n - a potion of cancellation {unknown}
 p - a potion of magic {unknown}
 r - 2 potions of haste {unknown}
 s - a potion of berserk rage {unknown}
Comestibles
 f - 8 rations


   Skills:
 - Level 2.6 Fighting
 + Level 7.6 Axes
 - Level 3.2 Armour
 - Level 3.2 Shields


You had 5 spell levels left.
You didn't know any spells.
Your spell library was empty.

Dungeon Overview and Level Annotations

Branches:
Dungeon (5/15)
 Temple: D:4-7

Altars:
Elyvilon
Yredelemnul
The Shining One


Innate Abilities, Weirdness & Mutations

You are resistant to damage.
You can heal yourself by infusing magical energy.
You passively map a small area around you.
You do not regenerate.


Message History

You block the troll's attack. The troll closely misses you.
The troll claws you but does no damage.
You hit the troll.
The troll is almost dead.
You block the troll's attack. The troll claws you!
You block the troll's attack.
You closely miss the troll.
The troll is almost dead.
The troll bites you!
* * * LOW HITPOINT WARNING * * *
You block the troll's attack. The troll claws you.
* * * LOW HITPOINT WARNING * * *
The iguana hisses menacingly.
You closely miss the troll.
The troll is almost dead.
The troll bites you.
* * * LOW HITPOINT WARNING * * *
The troll claws you but does no damage. The troll closely misses you.
The troll bites you!
You die...

.!#..(#......# * * * *#.#
.#...#..T.#### , #.#
#...#...o.#######.# #.#
........#.......... #.#
..#.Tl#.#..######<. , #.#
#...*.l#..# *, #.# #$..
Z..##.## *, #.# .#.
.#..##.o#############.##
..*.ol#.##.lZoT@...........#
. .. ...####################
*.. #...# *, * *


You could see a troll, an iguana, 2 orcs and a howler monkey zombie.

Vanquished Creatures
  A crocodile (Sewer)
  An orc wizard (D:5)
  Ijyb (D:3)
  3 iguanas
  A worker ant (D:4)
  3 adders
  2 oozes
  An adder skeleton (D:5)
  5 worms
  A dart slug (D:2)
  5 leopard geckos
  7 orcs
  8 bats
  3 giant cockroaches
  10 goblins
  11 hobgoblins
  4 jackals (D:2)
  4 kobolds
  2 quokkas
  A ball python (D:3)
  4 frilled lizards
  8 rats
86 creatures vanquished.

Notes
Turn   | Place    | Note
-------+----------+-------------------------------------------
     0 | D:1      | Mirvelgyr the Deep Dwarf Fighter began the quest for the Orb.
     0 | D:1      | Reached XP level 1. HP: 20/20 MP: 1/1
   124 | D:1      | Reached skill level 3 in Axes
   166 | D:1      | Reached XP level 2. HP: 27/27 MP: 2/2
   868 | D:2      | Reached XP level 3. HP: 30/33 MP: 3/3
   900 | D:2      | Reached skill level 4 in Axes
  1394 | D:3      | Reached XP level 4. HP: 38/40 MP: 3/3
  1408 | D:3      | Noticed Ijyb
  1431 | D:3      | Killed Ijyb
  1431 | D:3      | Reached skill level 5 in Axes
  1631 | D:3      | Found a glowing drain.
  1641 | Sewer    | Entered a sewer
  1683 | Sewer    | Noticed a crocodile
  1701 | Sewer    | Killed a crocodile
  1701 | Sewer    | Reached skill level 6 in Axes
  1701 | Sewer    | Reached XP level 5. HP: 12/46 MP: 4/4
  1882 | D:3      | Found a basalt altar of Yredelemnul.
  2210 | D:3      | Found a glowing golden altar of the Shining One.
  2327 | D:3      | Found a white marble altar of Elyvilon.
  2462 | D:4      | Reached skill level 7 in Axes
  2462 | D:4      | Reached XP level 6. HP: 33/55 MP: 4/4
  3039 | D:5      | Entered Level 5 of the Dungeon
  3117 | D:5      | Noticed a troll
  3161 | D:5      | Slain by a troll

Vault maps used:
D:1:      dpeg_arrival_ratfight
D:3:      kennysheep_ying_yang, tso_altar, gup_sewer_entry_bubbles,
          first_ration, minmay_misc_feat_room, kennysheep_cross_room,
          minmay_misc_feat_diagonals, uniq_ijyb
D:4:      cheibrodos_greedy_goblins
D:5:      cheibrodos_fzero, minmay_temple_entry_poolview, uniq_duvessa
Sewer:    sewer_big_baddie

Skill      XL: |  1  2  3  4  5 |
---------------+----------------+-----
Axes           | 3 4 6 7 |  7.6
Fighting       | |  2.6
Armour         | |  3.2
Shields        | |  3.2

Action                   |  1- 3 |  4- 6 || total
-------------------------+-------+-------++-------
Melee: War axe           |   104 |   234 ||   338
 Abil: Heal Wounds       |     1 |     6 ||     7
  Use: Scroll            |       |     3 ||     3
       Potion            |       |     1 ||     1
  Eat: Chunk             |     2 |     6 ||     8
Armor: Plate armour      |    53 |   145 ||   198
       Scale mail        |     2 |       ||     2
Dodge: Dodged            |    12 |    42 ||    54
Block: Shield            |    50 |   112 ||   162

Table legend:
 A = Spawn XP
 B = Non-spawn XP
 C = Spawn XP percentage of total XP
 D = Spawn monster count
 E = Non-spawn monster count
 F = Spawn count percentage of total count
 G = Total turns spent on level
                    A         B        C        D         E        F      G
               +---------+---------+-------+---------+---------+-------+---------
         Total |       0 |     541 |   0.0 |       0 |      86 |   0.0 |  3161
               +---------+---------+-------+---------+---------+-------+---------
           D:1 |       0 |      32 |   0.0 |       0 |      16 |   0.0 |   804
           D:2 |       0 |      50 |   0.0 |       0 |      16 |   0.0 |   582
           D:3 |       0 |     115 |   0.0 |       0 |      24 |   0.0 |   897
           D:4 |       0 |     141 |   0.0 |       0 |      17 |   0.0 |   644
           D:5 |       0 |      90 |   0.0 |       0 |       7 |   0.0 |   122
         Sewer |       0 |     113 |   0.0 |       0 |       6 |   0.0 |   112
               +---------+---------+-------+---------+---------+-------+---------
